 Dungeon Crawl Stone Soup version 0.23.2-1-ga50397a6bc (webtiles) character file.

Game seed: 6913779398472158814

2411 mzz the Fighter (level 9, -1/83 HPs)
             Began as a Minotaur Fighter on Apr 15, 2019.
             Was a Follower of the Shining One.
             Slain by a five-headed hydra (7 damage)
             ... on level 6 of the Dungeon.
             The game lasted 00:34:23 (5539 turns).

mzz the Fighter (Minotaur Fighter)                  Turns: 5539, Time: 00:34:23

Health: -1/83      AC: 10    Str: 22    XL:     9   Next: 23%
Magic:  8/8        EV:  8    Int:  5    God:    the Shining One [*.....]
Gold:   308        SH: 12    Dex: 12    Spells: 8/8 levels left

rFire    . . .     SeeInvis +   a - +1 war axe
rCold    . . .     Gourm    .   c - +1 shield
rNeg     . . .     Faith    .   v - +0 chain mail (curse)
rPois    .         Spirit   .   (helmet restricted)
rElec    .         Reflect  .   (no cloak)
rCorr    .         Harm     .   (no gloves)
MR       .....                  (no boots)
Stlth    ..........             (no amulet)
HPRegen  0.23/turn              q - ring of attention (curse)
MPRegen  0.11/turn              u - ring of see invisible

@: glowing
A: retaliatory headbutt, horns 2
a: Renounce Religion


You were on level 6 of the Dungeon.
You worshipped the Shining One.
The Shining One was aware of your devotion.
You were not hungry.

You visited 1 branch of the dungeon, and saw 7 of its levels.

You collected 308 gold pieces.

Inventory:

Hand Weapons
 a - a +1 war axe (weapon)
 i - a +2 vampiric hand axe
 w - a +0 hunting sling
 J - a +1 rapier of draining
Missiles
 d - 4 tomahawks
 g - 8 javelins (quivered)
 y - 32 poisoned needles
Armour
 b - a +0 scale mail
 c - a +1 shield (worn)
 k - a +2 leather armour of poison resistance
 v - a cursed +0 chain mail (worn)
 G - a +1 ring mail of positive energy
Jewellery
 m - an uncursed amulet of faith
 q - a cursed ring of attention (left hand)
 u - a ring of see invisible (right hand)
 x - a cursed -2 ring of evasion
 C - an uncursed amulet of rage {unknown}
 F - a cursed ring of teleportation {unknown}
Wands
 I - a wand of digging (6)
Scrolls
 e - 3 scrolls of amnesia
 h - 4 scrolls of fog {unknown}
 l - 7 scrolls of identify
 n - 2 scrolls of immolation {unknown}
 o - a scroll of enchant weapon
 r - 2 scrolls of teleportation {unknown}
 s - 2 scrolls of blinking
 t - 3 scrolls of remove curse {unknown}
 z - 3 scrolls of random uselessness {unknown}
 B - a scroll of enchant armour
 E - a scroll of magic mapping {unknown}
Potions
 j - a potion of magic
 p - 3 potions of heal wounds
 A - a potion of curing {unknown}
 D - a potion of brilliance
 H - a potion of lignification {unknown}
Comestibles
 f - 7 rations


   Skills:
 * Level 9.1 Fighting
 * Level 8.5 Axes
 + Level 1.2 Throwing
 + Level 6.9 Armour
 - Level 3.0 Dodging
 + Level 6.9 Shields


You had 8 spell levels left.
You didn't know any spells.
Your spell library was empty.

Dungeon Overview and Level Annotations

Branches:
Dungeon (7/15)             Temple (0/1) D:6

Altars:
Gozag
Qazlal
Yredelemnul
Zin
The Shining One

Shops:
D:4 [   D:6 =

Annotations:
D:7 1 runed translucent door


Innate Abilities, Weirdness & Mutations

You reflexively headbutt those who attack you in melee.
You have a pair of horns on your head.


Message History

The five-headed hydra bites you!
The five-headed hydra barely misses you.
J - a runed rapier The five-headed hydra bites you.
The five-headed hydra bites you but does no damage.
You block the five-headed hydra's attack.
The five-headed hydra bites you! x2
* * * LOW HITPOINT WARNING * * *
There is an open door here.
You see here a chain mail.
There is an escape hatch in the floor here.
The five-headed hydra bites you.
* * * LOW HITPOINT WARNING * * *
The five-headed hydra bites you.
* * * LOW HITPOINT WARNING * * *
You block the five-headed hydra's attack.
The five-headed hydra bites you!
* * * LOW HITPOINT WARNING * * *
The five-headed hydra bites you!
You die...

......#.........................#
......#.........................#
......#....................)....#
....##########...########.......#
....####...#########...##.......#
....#..................##########
....#..................##.....###
....#............................
....#..........D@................
....'...[........................
#######....###....#######........
......#....###....##...###.#####.
......#....#......#....###.######
......#....#......#....#.....##..
......#....#......#....#.#.####..
......#....#......#....#.._..##..
......####.######'##...###.#.#+..


You could see a five-headed hydra.

Vanquished Creatures
  A two-headed ogre (D:5)
  Duvessa (D:4)
  A sky beast (D:7)
  An ice beast (D:5)
  3 phantoms
  An ogre (D:6)
  2 centaurs
  Dowan (D:4)
  2 howler monkeys
  3 crimson imps
  4 orc priests
  A bullfrog zombie (D:7)
  5 orc wizards
  A hound (D:6)
  3 worker ants
  A hound zombie (D:5)
  A hound skeleton (D:5)
  Robin (D:3)
  11 gnolls
  8 adders
  2 oozes
  3 adder skeletons
  2 dart slugs
  4 leopard geckos
  23 orcs
  4 ball pythons
  5 giant cockroaches
  13 goblins
  11 hobgoblins
  13 jackals
  11 bats
  10 frilled lizards
  A jackal skeleton (D:4)
  A jackal zombie (D:5)
  7 kobolds
  14 rats
  A spectral orc (D:5)
177 creatures vanquished.

Notes
Turn   | Place    | Note
-------+----------+-------------------------------------------
     0 | D:1      | mzz the Minotaur Fighter began the quest for the Orb.
     0 | D:1      | Reached XP level 1. HP: 19/19 MP: 0/0
   174 | D:1      | Reached XP level 2. HP: 27/27 MP: 1/1
   232 | D:1      | Reached skill level 4 in Fighting
   427 | D:1      | Reached XP level 3. HP: 33/33 MP: 2/2
   780 | D:2      | Reached skill level 1 in Dodging
   786 | D:2      | Reached XP level 4. HP: 18/41 MP: 3/3
  1023 | D:2      | Reached XP level 5. HP: 47/47 MP: 4/4
  1407 | D:3      | Reached skill level 5 in Fighting
  1925 | D:3      | Reached XP level 6. HP: 30/56 MP: 5/5
  2350 | D:3      | Noticed Robin
  2359 | D:3      | Killed Robin
  2478 | D:4      | Found a glowing golden altar of the Shining One.
  2490 | D:4      | Noticed Duvessa
  2501 | D:4      | Killed Duvessa
  2501 | D:4      | Reached skill level 5 in Axes
  2501 | D:4      | Reached skill level 5 in Shields
  2502 | D:4      | Reached skill level 6 in Fighting
  2502 | D:4      | Reached skill level 5 in Armour
  2502 | D:4      | Reached XP level 7. HP: 27/63 MP: 6/6
  2508 | D:4      | Noticed Dowan
  2666 | D:4      | Killed Dowan
  2734 | D:4      | Found Ducvaor's Antique Armour Shoppe.
  2770 | D:4      | Became a worshipper of the Shining One
  2828 | D:4      | Found a glowing silver altar of Zin.
  3121 | D:5      | Entered Level 5 of the Dungeon
  3255 | D:5      | Reached skill level 7 in Fighting
  3275 | D:5      | Found a stormy altar of Qazlal.
  3295 | D:5      | Reached XP level 8. HP: 73/73 MP: 7/7
  3409 | D:5      | Noticed a two-headed ogre
  3417 | D:5      | Killed a two-headed ogre
  3417 | D:5      | Reached skill level 8 in Fighting
  3477 | D:5      | Reached * piety under the Shining One
  4086 | D:5      | Found a basalt altar of Yredelemnul.
  4266 | D:6      | Found an opulent altar of Gozag.
  4372 | D:6      | Reached XP level 9. HP: 82/82 MP: 8/8
  4510 | D:6      | Found a staircase to the Ecumenical Temple.
  4804 | D:6      | Found Cuoch's Jewellery Shoppe.
  5342 | D:7      | Reached skill level 9 in Fighting
  5342 | D:7      | Reached skill level 1 in Throwing
  5343 | D:7      | Found a runed translucent door.
  5379 | D:7      | Noticed a five-headed hydra
  5539 | D:6      | Slain by a five-headed hydra

Skill      XL: |  1  2  3  4  5  6  7  8  9 |
---------------+----------------------------+-----
Fighting       | 4 5 6 7 8 9 |  9.1
Armour         | 4 5 6 |  6.9
Shields        | 4 5 6 |  6.9
Axes           | 3 4 5 6 8 |  8.5
Dodging        | 1 2 3 |  3.0
Throwing       | 1 |  1.2

Action                   |  1- 3 |  4- 6 |  7- 9 || total
-------------------------+-------+-------+-------++-------
Melee: War axe           |    79 |   155 |   153 ||   387
       Headbutt          |     9 |    24 |    33 ||    66
Throw: Javelin           |       |    13 |     8 ||    21
  Use: Scroll            |       |     6 |       ||     6
       Potion            |       |     6 |       ||     6
  Eat: Chunk             |       |     5 |    10 ||    15
Armor: Scale mail        |    38 |    26 |       ||    64
       Chain mail        |       |    66 |    42 ||   108
Dodge: Dodged            |    20 |    45 |    38 ||   103
Block: Shield            |    49 |    89 |    91 ||   229
